 Dungeon Crawl Stone Soup version 0.24.0-13-gcf9b3192b9 (webtiles) character file.

Game seed: 6096418811514013155, levelgen mode: deterministic

45 Delamore the Chopper (level 3, -3/31 HPs)
             Began as a Hill Orc Fighter on Nov 10, 2019.
             Slain by a gnoll
             ... wielding a +0 spear
              (8 damage)
             ... on level 2 of the Dungeon.
             The game lasted 00:02:00 (1247 turns).

Delamore the Chopper (Hill Orc Fighter)             Turns: 1247, Time: 00:02:01

Health: -3/31      AC:  6    Str: 19    XL:     3   Next: 64%
Magic:  3/3        EV:  7    Int:  8    God:
Gold:   75         SH:  9    Dex: 10    Spells: 2/2 levels left

rFire    . . .     SeeInvis .   a - +0 war axe
rCold    . . .     Gourm    .   c - +0 shield
rNeg     . . .     Faith    .   b - +0 scale mail
rPois    .         Spirit   .   (no helmet)
rElec    .         Reflect  .   (no cloak)
rCorr    .         Harm     +   (no gloves)
MR       .....                  (no boots)
Stlth    ..........             g - amulet of harm
HPRegen  0.10/turn              (no ring)
MPRegen  0.08/turn              (no ring)

@: no status effects
A: no striking features
a: no special abilities


You were on level 2 of the Dungeon.
You were not hungry.

You visited 1 branch of the dungeon, and saw 2 of its levels.

You collected 75 gold pieces.

Inventory:

Hand Weapons
 a - a +0 war axe (weapon)
Armour
 b - a +0 scale mail (worn)
 c - a +0 shield (worn)
Jewellery
 g - an amulet of harm (around neck)
 n - an uncursed ring of resist corrosion {unknown}
 p - an uncursed ring of protection from cold {unknown}
Scrolls
 e - 5 scrolls of enchant weapon {unknown}
 i - a scroll of remove curse {unknown}
 l - a scroll of identify {unknown}
 o - a scroll of teleportation {unknown}
Potions
 d - 2 potions of might
 h - a potion of haste {unknown}
 j - a potion of degeneration {unknown}
 k - a potion of heal wounds {unknown}
 m - a potion of agility {unknown}
Comestibles
 f - 3 rations


   Skills:
 - Level 3.6 Fighting
 + Level 5.2 Axes
 - Level 3.2 Armour
 - Level 3.2 Shields


You had 2 spell levels left.
You didn't know any spells.
Your spell library was empty.

Dungeon Overview and Level Annotations

Branches:
Dungeon (2/15)

Altars:
Gozag
Ru
Xom
Zin


Message History

You slash the gnoll!
You kill the gnoll!
Your Axes skill increases to level 5!
You hit the gnoll. You block the gnoll's attack.
The gnoll hits you from afar with a +0 spear.
The gnoll barely misses you. x2; The gnoll hits you but does no damage.
You closely miss the gnoll.
The gnoll is heavily wounded.
You block the gnoll's attack. The gnoll hits you with a +0 whip.
The gnoll barely misses you.
Your shield and scale mail prevent you from hitting the gnoll.
The gnoll is heavily wounded.
The gnoll hits you from afar with a +0 spear.
The gnoll barely misses you. The gnoll hits you but does no damage.
The gnoll hits you from afar with a +0 spear.
* * * LOW HITPOINT WARNING * * *
The gnoll hits you with a +0 whip.
* * * LOW HITPOINT WARNING * * *
The gnoll hits you from afar with a +0 spear!
You die...

#...........#
#####...####..
#...........#
###.# ###.
#...#######.#
#.# #... #.).#
#.# .. .#.
#...# #.# ###
#. #####...##
#.# ..! #.
.........# #(#
.. #####
.........#
#.###.#####
#....
.........#
#.@.)......
#.###
##########
###.g......
#gg...... ###
#........ #..
#........ #..
#........ #..
#....#### #..
....## #.. #..


You could see 3 gnolls.

Vanquished Creatures
  A gnoll (D:2)
  An adder (D:2)
  A giant cockroach (D:2)
  A goblin (D:1)
  5 hobgoblins
  8 kobolds
  A ball python (D:1)
  4 bats
  2 frilled lizards (D:1)
  3 rats
27 creatures vanquished.

Notes
Turn   | Place    | Note
-------+----------+-------------------------------------------
     0 | D:1      | Delamore the Hill Orc Fighter began the quest for the Orb.
     0 | D:1      | Reached XP level 1. HP: 19/19 MP: 1/1
    52 | D:1      | Reached skill level 3 in Axes
   149 | D:1      | Reached XP level 2. HP: 20/26 MP: 2/2
   372 | D:1      | Reached skill level 4 in Axes
   819 | D:2      | Found an opulent altar of Gozag.
   847 | D:2      | Reached XP level 3. HP: 31/31 MP: 3/3
  1000 | D:2      | Found a sacrificial altar of Ru.
  1103 | D:2      | Found a shimmering altar of Xom.
  1105 | D:2      | Found a glowing silver altar of Zin.
  1105 | D:2      | Noticed an angel
  1244 | D:2      | Reached skill level 5 in Axes
  1247 | D:2      | Slain by a gnoll

Levels and vault maps discovered:
D:1:      minmay_arrival_cross, layout_loops_corners,
          chequers_serial_rivers_micro_d
D:2:      layout_basic, grunt_temple_overflow_order_and_chaos_1,
          lemuel_round_altar, grunt_gozag_statues, first_ration, st_stairs_8,
          hangedman_ru_absence

Skill      XL: |  1  2  3 |
---------------+----------+-----
Axes           | 3 4 5 |  5.2
Fighting       | |  3.6
Armour         | |  3.2
Shields        | |  3.2

Action                   || total
-------------------------++-------
Melee: War axe           ||    62
  Eat: Chunk             ||     1
Armor: Scale mail        ||    26
Dodge: Dodged            ||    26
Block: Shield            ||    29
